 Dungeon Crawl Stone Soup version 0.31-a0-836-g3ceb0a68c4 (webtiles) character file.

Game seed: 16372788557895581783

82 LeprechaunX the Changeling (level 4, -2/29 HPs)
             Began as an Octopode Shapeshifter on Sept 26, 2023.
             Slain by a hobgoblin (4 damage)
             ... on level 3 of the Dungeon.
             The game lasted 00:01:51 (1155 turns).

LeprechaunX the Changeling (Octopode Shapeshifter)  Turns: 1155, Time: 00:01:52

Health: -2/29      AC:  1    Str: 15    XL:     4   Next: 43%
Magic:  4/4        EV: 13    Int: 12    God:
Gold:   39         SH:  0    Dex: 11    Spells: 3/3 levels left

rFire   . . .        g - +7 short sword of Doom {vamp, +Blink}
rCold   . . .        (no shield)
rNeg    . . .        (helmet currently unavailable)
rPois   .            (no amulet)
rElec   .            (no ring)
rCorr   .            (no ring)
SInv    .            (no ring)
Will    .....        (no ring)
Stlth   ++           (no ring)
HPRegen 0.24/turn    (no ring)
MPRegen 0.09/turn    (no ring)
                     (no ring)

%: no passive effects
@: beast-form
A: beast (slay +2), almost no armour, amphibious, 8 rings, camouflage 1,
gelatinous body 1, (nimble swimmer 1), tentacles
a: Begin Untransformation, Evoke Blink


You were on level 3 of the Dungeon.
You were a hulking beast.
You visited 1 branch of the dungeon, and saw 3 of its levels.

You collected 39 gold pieces.

Inventory:

Hand Weapons
 g - the +7 short sword of Doom (weapon) {vamp, +Blink}
   (You found it on level 2 of the Dungeon)

   +Blink:    It lets you blink.
Missiles
 i - 6 boomerangs
 l - a throwing net
Jewellery
 k - a ring of resist corrosion
Talismans
 b - a beast talisman (active)
 c - a flux talisman
Wands
 n - a wand of mindburst (13)
Scrolls
 e - 3 scrolls of immolation {unknown}
 h - a scroll of blinking {unknown}
 j - 3 scrolls of identify {unknown}
 m - 3 scrolls of enchant armour {unknown}
Potions
 a - a potion of lignification
 d - 3 potions of curing {unknown}
 f - a potion of enlightenment {unknown}


   Skills:
 + Level 1.9 Fighting
 + Level 2.6 Dodging
 + Level 3.4 Unarmed Combat
 + Level 0.6 Evocations
 * Level 3.8 Shapeshifting


You had 3 spell levels left.
You didn't know any spells.
Your spell library was empty.

Dungeon Overview and Level Annotations

Branches:
Dungeon (3/15)

Altars:

Annotations:
D:3 Terence


Innate Abilities, Weirdness & Mutations

You are a hulking beast.
Your limbs bulge with bestial killing power. (Slay +2)
You cannot wear most types of armour.
You are amphibious.
You can wear up to eight rings at the same time.
Your skin changes colour to match your surroundings (Stealth+).
Your rubbery body absorbs attacks. (AC +1, EV +1)
((You are camouflaged when in or above water. (Stealth+)))
You have tentacles for arms and can constrict up to eight enemies at once.


Message History

You are too injured to fight recklessly!
You are too injured to fight recklessly!
You are too injured to fight recklessly!
You are too injured to fight recklessly!
You are too injured to fight recklessly!
You are too injured to fight recklessly!
You are too injured to fight recklessly!
Unknown command.
The bat attacks as it pursues you! The bat hits you but does no damage.
The bat completely misses you. The orc attacks as it pursues you!
The orc hits you with a +0 falchion. The orc attacks as it pursues you!
The orc closely misses you.
You hit the orc.
You feel better.
Your grab misses the orc.
The orc is moderately wounded.
The bat closely misses you. The bat hits you. x2
The orc hits you with a +0 mace.
You barely miss the orc. Your grab misses the orc. Your squeeze misses the orc.
The orc is moderately wounded.
The bat hits you but does no damage. The orc hits you with a +0 falchion.
* * * LOW HITPOINT WARNING * * *
The orc closely misses you. The orc attacks as it pursues you!
The orc closely misses you.
You barely miss the orc. You grab the orc.
The orc is moderately wounded.
You constrict the orc. The bat hits you but does no damage.
The orc hits you with a +0 falchion.
* * * LOW HITPOINT WARNING * * *
Terence the Incautious comes into view.
He is wielding a +5 heavy trident.
You release your grip on the orc.
The orc attacks as it pursues you! The orc closely misses you.
The bat closely misses you. The bat attacks as it pursues you!
The bat closely misses you. The bat hits you but does no damage.
The orc hits you with a +0 falchion.
* * * LOW HITPOINT WARNING * * *
A dart slug comes into view.
The bat misses you.
You puncture the orc!
You kill the orc!
The bat completely misses you. The hobgoblin hits you.
You die...

.. ..###w## ...#..#
...... # ...#.
#.#..#### ... ..#.#
#.##.?..#..#
...####..#.##....#
.....#...o).b#...#
#.......o##h#...#
####.##...!..#g#...##
#..........o.#......#.
#...†.)....o..........
#.[.....###...†.......
#......†# #.........#.
#.....<.# #.......>...
#.......# ##.......##.
#.....[.# ##........


You could see an orc, a hobgoblin and a bat.

Vanquished Creatures
  3 adders (D:2)
  2 worms (D:2)
  A dart slug (D:1)
  An orc (D:3)
  6 ball pythons
  5 bats
  4 endoplasms
  2 giant cockroaches (D:2)
  4 goblins
  2 hobgoblins
  3 quokkas
  2 frilled lizards
  6 kobolds
  5 rats
46 creatures vanquished.

Notes
Turn   | Place    | Note
-------+----------+-------------------------------------------
     0 | D:1      | LeprechaunX the Octopode Shapeshifter began the quest for
                  | the Orb.
     0 | D:1      | Reached XP level 1. HP: 13/13 MP: 1/1
   109 | D:1      | Reached XP level 2. HP: 16/18 MP: 2/2
   569 | D:2      | Reached XP level 3. HP: 23/23 MP: 3/3
   580 | D:2      | Identified the +7 short sword of Doom {vamp, +Blink}
   770 | D:2      | Reached XP level 4. HP: 29/29 MP: 4/4
  1149 | D:3      | Noticed Terence
  1151 | D:3      | HP: 1/29 [orc/+0 falchion (3)]
  1155 | D:3      | Slain by a hobgoblin

Illustrated notes

Levels and vault maps discovered:
D:1:      minmay_arrival_radiant_lines, layout_basic
D:2:      kennysheep_big_flooded_room, layout_basic
D:3:      layout_rooms, ebering_ecumenical_altar_hall, uniq_robin, uniq_jessica,
          uniq_natasha, uniq_terence

Action                     |  1- 3 |  4- 6 || total
---------------------------+-------+-------++-------
  Melee: Unarmed           |    37 |       ||    37
         Constrict         |     9 |     4 ||    13
         Tentacles         |     3 |     6 ||     9
         Punch             |     2 |     1 ||     3
         Short sword       |    17 |    21 ||    38
   Stab: Sleeping          |     8 |     2 ||    10
 Armour: Skin              |    16 |    22 ||    38
  Dodge: Dodged            |    35 |    28 ||    63

Table legend: (Time is in decaauts)
 A = Elapsed time spent in this place.
 B = Non-inter-level travel time spent in this place.
 C = Inter-level travel time spent in this place.
 D = Time resting spent in this place.
 E = Time spent auto-exploring this place.
 F = Levels seen in this place.
 G = Mean time per level.
                   A        B        C        D        E       F      G
               +--------+--------+--------+--------+--------+-----+--------+
         Total |   1151 |   1089 |     62 |      0 |    823 |   3 |  383.7 |
       Dungeon |   1151 |   1089 |     62 |      0 |    823 |   3 |  383.7 |
               +--------+--------+--------+--------+--------+-----+--------+

Top non-repeatable levels by time:
     D:2: 561 daAuts
     D:1: 553 daAuts
     D:3: 36 daAuts
